Map: Frozen Temple

Players

Glorfindel

  • Race: Terran Terran
  • League: Master

Silvano - Winner!

  • Race: Protoss Protoss
  • League: Grandmaster

VOD

Have the link to the VOD?

Description

Time

  • Played on: May 15, 2016, 10:50 a.m.
  • Length: 11:31
Show
View Real Time Build Order
Export as new Build Order

Glorfindel Terran 

Build Orders: Command Center First (CC), MMM Bio 

Get SALT Encoding   

  12  0:00  SCV  
  13  0:12  SCV  
  14  0:18  Supply Depot  
  14  0:25  SCV  
  15  0:39  SCV  
  16  0:57  Command Center  
  16  1:01  SCV  
  17  1:13  Barracks  
  17  1:16  SCV  
  18  1:28  Barracks  
  18  1:31  SCV  
  19  1:43  Barracks  
  19  1:46  SCV  
  20  1:59  Marine  
  21  2:01  Orbital Command  
  21  2:12  Orbital Command  
  21  2:15  Marine  
  21  2:18  Marine  
  23  2:28  SCV  
  24  2:31  Marine  
  24  2:33  Marine  
  26  2:38  SCV  
  26  2:40  SCV  
  26  2:42  Marine, Bunker  
  28  2:47  Refinery  
  28  2:50  SCV  
  29  2:52  SCV  
  29  2:53  Marine  
  29  2:54  Marine  
  32  3:03  SCV  
  32  3:04  Marine, SCV  
  35  3:06  Engineering Bay  
  35  3:15  SCV  
  35  3:16  SCV  
  35  3:18  Refinery  
  37  3:21  Supply Depot  
  38  3:27  SCV  
  38  3:32  Missile Turret  
  38  3:42  SCV x2  
  40  3:48  Marine x2  
  40  3:55  SCV x2  
  44  3:56  Factory  
  44  3:57  Missile Turret  
  45  4:02  Supply Depot  
  45  4:03  Supply Depot  
  45  4:06  Barracks Tech Lab  
  45  4:07  SCV x2  
  46  4:15  Refinery, Barracks Reactor  
  46  4:17  Refinery  
  46  4:23  Barracks Tech Lab  
  46  4:24  SCV x2  
  46  4:26  Supply Depot  
  46  4:28  Supply Depot  
  46  4:31  Supply Depot  
  48  4:35  Supply Depot  
  48  4:36  SCV x2  
  50  4:41  Supply Depot  
  50  4:47  Stimpack  
  50  4:48  SCV x2  
  52  4:54  Starport  
  52  4:58  Marine x2  
  52  4:59  Marine  
  55  5:00  SCV x2  
  55  5:03  Combat Shields  
  57  5:08  Marauder  
  57  5:10  Supply Depot  
  57  5:12  SCV x2  
  61  5:14  Factory Reactor  
  61  5:20  Marine x2  
  63  5:24  SCV x2  
  67  5:35  Command Center, Marauder  
  67  5:37  SCV  
  68  5:43  Missile Turret  
  68  5:44  SCV  
  68  5:45  Barracks  
  68  5:48  Terran Infantry Weapons Level 1  
  69  5:58  Factory Reactor  
  69  6:00  Medivac  
  69  6:01  Engineering Bay  
  69  6:02  Armory  
  69  6:03  Medivac  
  73  6:05  SCV x2  
  73  6:08  Marine, Marauder  
  78  6:13  Missile Turret  
  78  6:17  SCV x2  
  78  6:18  Marauder  
  81  6:26  Concussive Shells  
  81  6:27  Marine  
  81  6:29  SCV x2  
  81  6:30  Marauder  
  86  6:39  Marauder  
  88  6:41  Marine, SCV x2  
  88  6:42  Widow Mine x2  
  88  6:47  Barracks  
  95  6:51  Marauder, Barracks Tech Lab  
  95  6:53  Medivac, SCV  
  100  6:56  Supply Depot  
  100  6:57  SCV  
  100  7:00  Marauder  
  103  7:05  SCV  
  104  7:10  Marine x2, Widow Mine  
  104  7:11  Widow Mine  
  104  7:14  Marine x2  
  110  7:20  SCV x2  
  110  7:21  Marine  
  102  7:32  SCV  
  102  7:34  Marine  
  102  7:35  Medivac x2  
  99  7:39  Widow Mine x2  
  99  7:43  SCV  
  100  7:45  SCV  
  100  7:49  Marine  
  102  7:55  SCV  
  103  8:00  Terran Infantry Weapons Level 2  
  103  8:01  Terran Infantry Armor Level 1  
  103  8:04  SCV  
  104  8:08  Widow Mine x2, SCV  
  110  8:13  Liberator  
  110  8:15  Orbital Command  
  110  8:16  SCV  
  110  8:27  Supply Depot x2  
  110  8:28  Supply Depot, Barracks Tech Lab  
  110  8:33  Refinery  
  113  8:34  Refinery  
  113  8:38  Starport  
  113  8:44  Marine x2  
  113  8:45  Marauder x2  
  113  8:47  Marine  
  116  8:51  Widow Mine x2  
  118  8:56  Liberator  
  118  8:58  Fusion Core  
  118  8:59  Marine  
  118  9:02  Marine x2  
  118  9:05  Marine x2  
  118  9:06  SCV x3  
  124  9:12  Marauder  
  124  9:15  Liberator  
  124  9:17  Marine  
  129  9:18  SCV x2  
  129  9:19  Missile Turret  
  129  9:22  Marine  
  133  9:31  SCV  
  133  9:36  Marauder, Starport Tech Lab  
  133  9:37  Liberator, Marauder  
  133  9:38  SCV x2  
  143  9:44  SCV  
  144  9:55  Advanced Ballistics  
  144  9:57  Marine, Marauder x2  
  152  10:01  Marine  
  152  10:03  Liberator  
  153  10:09  Marine, Marauder  
  153  10:10  SCV  
  157  10:20  Marine, Supply Depot  
  157  10:21  Marine x2  
  162  10:22  Supply Depot  
  162  10:24  SCV  
  162  10:29  Marine  
  162  10:30  Marine  
  162  10:32  Marine  
  163  10:38  Marine  
  163  10:39  Marine x2  
  163  10:42  SCV x2  
  151  10:47  Marine x2  
  136  10:51  Marauder  
  136  10:55  Marine  
  136  10:56  Marine x2  
  86  11:05  Marine x2  
  77  11:11  Marine  
Show
View Real Time Build Order
Export as new Build Order

Silvano Protoss - Winner!

Build Orders: 1 Gate Expand, Blink Stalkers 

Get SALT Encoding   

  12  0:01  Probe (Chrono Boost)  
  13  0:12  Probe (Chrono Boost)  
  14  0:18  Pylon  
  14  0:22  Probe (Chrono Boost)  
  15  0:36  Probe (Chrono Boost)  
  15  0:38  Gateway  
  16  0:47  Probe (Chrono Boost)  
  16  0:49  Assimilator  
  17  0:57  Probe (Chrono Boost)  
  18  1:08  Probe (Chrono Boost)  
  19  1:22  Nexus  
  19  1:32  Cybernetics Core  
  19  1:37  Probe (Chrono Boost)  
  20  1:42  Assimilator  
  20  1:47  Probe (Chrono Boost)  
  20  1:53  Pylon  
  21  1:58  Probe (Chrono Boost)  
  22  2:11  Mothership Core, Adept (Chrono Boost)  
  26  2:18  Warp Gate  
  26  2:32  Probe  
  27  2:37  Probe  
  27  2:42  Adept (Chrono Boost)  
  30  2:44  Robotics Facility  
  30  2:45  Probe (Chrono Boost)  
  30  2:49  Probe (Chrono Boost)  
  32  2:56  Probe (Chrono Boost)  
  33  3:00  Probe (Chrono Boost)  
  34  3:07  Probe (Chrono Boost)  
  34  3:10  Probe (Chrono Boost)  
  36  3:15  Twilight Council  
  36  3:17  Probe (Chrono Boost)  
  37  3:20  Pylon  
  37  3:21  Probe (Chrono Boost)  
  38  3:28  Probe (Chrono Boost)  
  38  3:31  Pylon  
  38  3:32  Probe (Chrono Boost), Observer (Chrono Boost)  
  41  3:40  Probe  
  42  3:42  Probe  
  43  3:52  Probe, Blink (Chrono Boost)  
  43  3:53  Probe  
  43  3:55  Observer  
  46  4:03  Probe  
  46  4:04  Probe  
  46  4:05  Gateway  
  46  4:08  Gateway  
  48  4:14  Probe  
  48  4:16  Probe, Observer  
  51  4:24  Probe  
  51  4:28  Probe, Nexus  
  53  4:31  Pylon  
  53  4:34  Assimilator  
  53  4:35  Probe  
  53  4:36  Assimilator  
  54  4:41  Stalker  
  54  4:43  Probe  
  57  4:45  Probe  
  58  4:55  Probe  
  58  4:56  Probe  
  60  5:04  Stalker x2  
  60  5:06  Stalker  
  66  5:07  Probe x2  
  68  5:16  Warp Prism  
  70  5:24  Pylon  
  70  5:28  Pylon  
  70  5:38  Probe  
  70  5:39  Probe  
  70  5:41  Gateway  
  70  5:42  Probe, Adept x2  
  76  5:43  Gateway  
  76  5:46  Stalker, Pylon  
  76  5:48  Probe  
  79  5:51  Probe  
  79  5:52  Probe  
  82  5:59  Probe  
  82  6:02  Forge  
  82  6:03  Probe  
  82  6:04  Probe, Forge  
  84  6:05  Stalker  
  84  6:06  Stalker  
  84  6:09  Probe  
  90  6:16  Probe  
  92  6:20  Probe, Gateway  
  92  6:21  Gateway  
  92  6:22  Probe  
  92  6:23  Resonating Glaives (Chrono Boost)  
  93  6:28  Probe  
  93  6:30  Probe  
  93  6:32  Gateway  
  95  6:33  Pylon  
  95  6:41  Probe  
  95  6:45  Stalker x2  
  95  6:46  Stalker  
  102  6:49  Stalker x2  
  102  6:50  Probe  
  107  6:54  Protoss Ground Weapons Level 1 (Chrono Boost)  
  107  6:55  Protoss Ground Armor Level 1 (Chrono Boost)  
  107  6:57  Assimilator  
  107  6:59  Assimilator, Pylon  
  107  7:11  Adept x3  
  107  7:14  Adept x2  
  117  7:20  Probe  
  117  7:22  Probe  
  97  7:44  Adept x3  
  97  7:45  Adept x5  
  97  7:48  Warp Prism  
  113  7:56  Templar Archives  
  113  7:57  Pylon  
  113  8:08  Adept x6  
  125  8:13  Pylon x2  
  125  8:16  Pylon  
  125  8:17  Gateway  
  125  8:21  Gateway  
  125  8:24  Gateway  
  125  8:26  Pylon x2  
  125  8:29  Protoss Ground Armor Level 2 (Chrono Boost)  
  125  8:32  Sentry, Nexus  
  125  8:33  Pylon  
  127  8:34  Adept x3  
  127  8:35  Adept x2  
  127  8:37  Protoss Ground Weapons Level 2 (Chrono Boost)  
  137  8:50  Psionic Storm  
  137  8:54  Adept x3  
  143  9:06  High Templar x4  
  151  9:13  Pylon  
  151  9:15  Pylon  
  151  9:18  Adept  
  151  9:24  Stargate  
  151  9:29  Adept  
  151  9:30  Adept x4  
  161  9:41  Adept x4  
  168  10:03  Stalker x7  
  168  10:04  Stalker x2  
  185  10:26  Adept x3  
  185  10:27  Adept x4  
  185  10:28  Adept  
  193  10:39  Adept x2  
  170  10:53  Stalker x3  
  170  10:54  Stalker x5  
  171  11:20  Pylon  
  171  11:21  Pylon  
  171  11:23  Pylon  
Tags
 
Add a new tag
Caveats
  • Supply blocks, unpowered buildings, or Contaminate may cause inaccurate times.
  • Supply counts are checked every 10 seconds.